 Dungeon Crawl Stone Soup version 0.29.1-1-gd02db6906a (webtiles) character file.

Game seed: 16821493430087292065

399 FastidiousMonk the Stinger (level 7, -1/54 HPs)
             Began as a Formicid Venom Mage on Oct 3, 2022.
             Was a Follower of Uskayaw.
             Slain by a lemure (8 damage)
             ... led by Pikel
             ... on level 3 of the Dungeon.
             The game lasted 00:42:52 (6533 turns).

FastidiousMonk the Stinger (Formicid Venom Mage)    Turns: 6533, Time: 00:42:53

Health: -1/54      AC:  3    Str: 12    XL:     7   Next: 10%
Magic:  11/12      EV: 11    Int: 17    God:    Uskayaw [*.....]
Gold:   161        SH:  0    Dex: 14    Spells: 12/13 levels left

rFire   . . .      SeeInvis +   a - +0 war axe
rCold   . . .      Faith    .   (no shield)
rNeg    . . .      Spirit   .   i - +0 leather armour
rPois   .          Reflect  .   (helmet unavailable)
rElec   .          Harm     .   (no cloak)
rCorr   .          Rampage  .   (no gloves)
Will    .....                   (no boots)
Stlth   ++........              (no amulet)
HPRegen 0.18/turn               k - ring of wizardry
MPRegen 0.13/turn               (no ring)

@: no status effects
A: permanent stasis, dig shafts and tunnels, antennae 3, four strong arms
a: Dig, Shaft Self, Renounce Religion, Stomp


You were on level 3 of the Dungeon.
You worshipped Uskayaw.
Uskayaw was noncommittal.
You visited 1 branch of the dungeon, and saw 4 of its levels.

You collected 161 gold pieces.

Inventory:

Hand Weapons
 a - a +0 war axe (weapon)
 b - a +0 sling
 u - a +0 mace
Missiles
 g - 42 stones
 m - 5 atropa-tipped darts
 q - 11 poisoned darts
 A - a curare-tipped dart
Armour
 i - a +0 leather armour (worn)
 j - a +0 robe
Jewellery
 k - a ring of wizardry (left hand)
Wands
 w - a wand of paralysis (8)
 z - a wand of light (11)
Scrolls
 l - a scroll of blinking {unknown}
 p - 2 scrolls of fear
 s - a scroll of torment {unknown}
 t - a scroll of magic mapping {unknown}
 v - 2 scrolls of identify
 y - a scroll of teleportation {unknown}
Potions
 c - 2 potions of curing
 d - 2 potions of mutation {unknown}
 e - a potion of cancellation {unknown}
 f - a potion of magic
 h - a potion of resistance {unknown}
 n - 2 potions of flight {unknown}
 o - 3 potions of lignification {unknown}
 r - a potion of heal wounds {unknown}
 x - a potion of might {unknown}


   Skills:
 + Level 4.0 Fighting
 + Level 1.7 Axes
 - Level 1.7 Dodging
 - Level 4.0 Stealth
 + Level 3.8 Spellcasting
 - Level 1.1 Transmutations
 - Level 5.1 Poison Magic
 + Level 2.1 Invocations


You had 12 spell levels left.
You knew the following spells:

 Your Spells              Type           Power      Damage    Failure   Level
a - Sting                 Tmut/Pois      52%        1d5       2%          1

Your spell library contained the following spells:

 Spells                   Type           Power      Damage    Failure   Level
 Poisonous Vapours        Pois/Air       22%        N/A       4%          2
 Necrotise                Necr           12%        1d4       9%          1
 Olgreb's Toxic Radiance  Pois           20%        N/A       11%         4
 Mephitic Cloud           Conj/Pois/Air  9%         N/A       12%         3
 Vampiric Draining        Necr           3%         2d6       24%         3
 Summon Ice Beast         Ice/Summ       3%         N/A       58%         4
 Agony                    Necr           3%         N/A       89%         5
 Summon Mana Viper        Hex/Summ       3%         N/A       89%         5
 Monstrous Menagerie      Summ           1%         N/A       100%        7


Dungeon Overview and Level Annotations

Branches:
Dungeon (4/15)
 Temple: D:4-7

Altars:
Uskayaw

Annotations:
D:1 Altars-UnknownGod
D:3 Altars-Uskayaw, D:4 SandStaircase, Pikel


Innate Abilities, Weirdness & Mutations

You cannot be hasted, slowed, berserked, paralysed or teleported.
You can dig through walls and to a lower floor.
You have a pair of large antennae on your head. (SInv)
Your four strong arms can wield two-handed weapons with a shield.


Message History

The lemure barely misses you.
You hit the lemure but do no damage.
The lemure is severely wounded.
You barely miss the lemure. The lemure hits you but does no damage.
The lemure hits you.
* * * LOW HITPOINT WARNING * * *
Casting: Sting (safe; 2% risk of failure)
Confirm with . or Enter, or press ? or * to list all spells.
Aiming: Sting (safe; 2% risk of failure)
Press: ? - help, Shift-Dir - straight line, f - lemure
Aim: a lemure (lightly wounded, 64% to hit)
The sting hits the lemure.
The lemure is poisoned.
The lemure is moderately wounded.
The lemure attacks as you move away! The lemure barely misses you.
The lemure attacks as you move away! The lemure barely misses you.
The lemure looks more healthy.
You can no longer pass through a line of other dancers.
The lemure attacks as you move away! The lemure hits you.
* * * LOW HITPOINT WARNING * * *
The lemure attacks as you move away! The lemure barely misses you.
There is a stone staircase leading up here.
Magic restored.
The lemure hits you.
* * * LOW HITPOINT WARNING * * *
You climb upwards.
Level annotation: Altars-Uskayaw,
There is a stone staircase leading down here.
Casting: Sting (safe; 2% risk of failure)
Confirm with . or Enter, or press ? or * to list all spells.
Aiming: Sting (safe; 2% risk of failure)
Press: ? - help, Shift-Dir - straight line, f - lemure
Aim: a lemure (moderately wounded, 64% to hit)
The sting hits the lemure but does no damage.
The lemure is poisoned.
The lemure is moderately wounded.
The lemure hits you.
* * * LOW HITPOINT WARNING * * *
The lemure attacks as you move away! The lemure hits you.
* * * LOW HITPOINT WARNING * * *
The lemure attacks as you move away! The lemure hits you!
You die...

###.....#####.....#
#.##...###### #
##..............#
#............ #
##########.....#
####...###### #
#.....# ##..#..#####
# #.....#
#..###...... #
###.######...#..#####
#.# #.........)...
#.####.#.#.#.######
#.@5>........#
######.#.#..##
#......# ###.##.#
#########.##.#
#.........##.#
#.##########.#
####### #.# #.#
......# #.# #.#


You could see a lemure (poisoned).

Vanquished Creatures
  2 phantoms (D:4)
  A lemure (D:4)
  A kobold brigand (D:4)
  A scorpion (D:4)
  4 adders
  A worm (D:2)
  3 dart slugs
  An orc (D:3)
  5 ball pythons (D:1)
  9 bats
  9 endoplasms
  4 giant cockroaches
  6 goblins
  10 hobgoblins
  6 kobolds
  3 frilled lizards (D:1)
  4 rats
70 creatures vanquished.

Notes
Turn   | Place    | Note
-------+----------+-------------------------------------------
     0 | D:1      | FastidiousMonk the Formicid Venom Mage began the quest for
                  | the Orb.
     0 | D:1      | Reached XP level 1. HP: 13/13 MP: 3/3
   290 | D:1      | Reached XP level 2. HP: 20/20 MP: 1/5
   533 | D:1      | Reached skill level 1 in Fighting
   625 | D:1      | Found a faded altar of an unknown god.
  1025 | D:1      | Reached XP level 3. HP: 26/26 MP: 4/6
  2108 | D:2      | Reached XP level 4. HP: 18/33 MP: 3/8
  3558 | D:3      | Noticed a +0 dagger
  3594 | D:3      | Noticed a +0 hand axe
  3679 | D:3      | Found a hide-covered altar of Uskayaw.
  3688 | D:3      | Became a worshipper of Uskayaw the Reveller
  3855 | D:3      | Reached * piety under Uskayaw
  4932 | D:4      | Noticed a scorpion
  4989 | D:4      | Reached XP level 5. HP: 36/39 MP: 7/9
  5015 | D:4      | Noticed a phantom
  5031 | D:4      | Reached ** piety under Uskayaw
  5037 | D:4      | Killed a phantom
  5037 | D:4      | Reached *** piety under Uskayaw
  5038 | D:4      | Reached skill level 5 in Poison Magic
  5303 | D:4      | Found a sand-covered staircase.
  5420 | D:4      | Noticed a phantom
  5454 | D:4      | Killed a phantom
  5455 | D:4      | Reached skill level 1 in Axes
  5455 | D:4      | Reached skill level 1 in Invocations
  5455 | D:4      | Reached XP level 6. HP: 7/47 MP: 5/11
  6013 | D:4      | Reached XP level 7. HP: 15/54 MP: 7/12
  6461 | D:4      | Noticed Pikel
  6533 | D:3      | Slain by a lemure

Illustrated notes

Levels and vault maps discovered:
D:1:      dpeg_arrival_arbitrary_a, layout_basic, basic_ecumenical_altar,
          st_stairs_13
D:2:      layout_basic, minmay_pentomino_p4
D:3:      layout_loops_ring, dancing_weapons_uskayaw, minivault_14
D:4:      layout_cave_pools, mainiacjoe_overflow_24_doors,
          kiku_gazebo_pond_becter, nicolae_ossuary_entry_plus,
          kennysheep_generic_room_11, uniq_pikel

Skill      XL: |  1  2  3  4  5  6 |
---------------+-------------------+-----
Fighting       | 1 2 3 4 |  4.0
Stealth        | 3 4 |  4.0
Spellcasting   | 3 |  3.8
Poison Magic   | 5 |  5.1
Axes           | 1 |  1.7
Invocations    | 1 2 |  2.1
Dodging        | |  1.7
Transmutations | |  1.1

Action                   |  1- 3 |  4- 6 |  7- 9 || total
-------------------------+-------+-------+-------++-------
Melee: Unarmed           |    15 |       |       ||    15
       Dagger            |    13 |       |       ||    13
       Mace              |    31 |    26 |       ||    57
       War axe           |       |    55 |    14 ||    69
 Fire: Sling             |    19 |    38 |     7 ||    64
Throw: Stone             |     6 |       |       ||     6
 Cast: Sting             |    32 |    30 |    12 ||    74
  Use: Scroll            |     2 |     1 |       ||     3
       Potion            |     1 |     1 |       ||     2
 Stab: Sleeping          |     1 |     1 |       ||     2
       Paralysed         |       |     1 |       ||     1
Armor: Robe              |     8 |       |       ||     8
       Leather armour    |     5 |    36 |     4 ||    45
Dodge: Dodged            |    39 |    55 |    21 ||   115
